 Dungeon Crawl Stone Soup version 0.29-a0-344-ge2f44be95a (webtiles) character file.

Game seed: 13347588065081246187

1442 spaghetti the Archer (level 8, -1/56 HPs)
             Began as a Demonspawn Hunter on Apr 22, 2022.
             Was an Initiate of Gozag.
             Shot with a sling bullet by Joseph (13 damage)
             ... on level 7 of the Dungeon.
             The game lasted 00:10:02 (6666 turns).

spaghetti the Archer (Demonspawn Hunter)            Turns: 6666, Time: 00:10:02

Health: -1/56      AC:  4    Str: 12 (13) XL:     8   Next: 46%
Magic:  0/8        EV: 11    Int: 13 (16) God:    Gozag
Gold:   261        SH:  0    Dex: 16 (18) Spells: 3/7 levels left

rFire   . . .      SeeInvis .   x - +0 triple sword {longrare=g}
rCold   . . .      Faith    .   (shield currently unavailable)
rNeg    . . .      Spirit   +   b - +1 leather armour
rPois   .          Reflect  .   (no helmet)
rElec   .          Harm     .   (no cloak)
rCorr   .          Rampage  .   (no gloves)
Will    .....      Clarity  +   (no boots)
Stlth   +.........              d - amulet of magic regeneration {@e2}
HPRegen 0.18/turn               l - +6 ring of intelligence
MPRegen 0.62/turn               (no ring)

@: about to teleport, on berserk cooldown, slowed, very slow
A: magic shield, magic regeneration, demonic magic 1, clarity, deterioration 1
a: Renounce Religion, Potion Petition, Call Merchant, Bribe Branch


You were on level 7 of the Dungeon.
You worshipped Gozag.
Gozag was aware of your devotion.
You visited 1 branch of the dungeon, and saw 7 of its levels.
You also visited: Sewer.

You collected 1056 gold pieces.
You paid 795 gold pieces to Gozag.


Innate Abilities, Weirdness & Mutations

When hurt, damage is shared between your health and your magic reserves.
You regenerate magic rapidly.
Spells you cast may paralyse adjacent enemies.
You possess an exceptional clarity of mind.
Your body sometimes deteriorates upon taking damage.


   Skills:
 - Level 2.0 Fighting
 + Level 8.0 Bows
 - Level 1.7 Dodging
 - Level 0.8 Stealth
 + Level 3.9 Conjurations
 - Level 5.0 Translocations


You had 3 spell levels left.
You knew the following spells:

 Your Spells              Type           Power      Damage    Failure   Level
a - Iskenderun's Mystic   Conj/Tloc      11%        2d4       54%         4

Your spell library contained the following spells:

 Spells                   Type           Power      Damage    Failure   Level
 Static Discharge         Conj/Air       5%         N/A       26%         2
 Sandblast                Erth           0%         2d4       36%         1
 Dazzling Flash           Conj/Hex       10%        N/A       47%         3
 Stone Arrow              Conj/Erth      10%        3d7       47%         3
 Passwall                 Tmut/Erth      0%         N/A       52%         2
 Sticky Flame             Conj/Fire      5%         2d3       87%         4
 Dispel Undead            Necr           0%         3d6       98%         4
 Starburst                Conj/Fire      2%         6d3       100%        6

Inventory:

Hand Weapons
 a - a +2 shortbow {bow}
 h - a +3 trident {polearm}
   (You took it off an orc on level 5 of the Dungeon)
 i - a +2 dagger of electrocution {short}
   (You took it off a goblin on level 1 of the Dungeon)
 x - a +0 triple sword (weapon) {longrare=g}
   (You found it on level 5 of the Dungeon)
 C - a +1 flail of draining {mace}
   (You took it off a gnoll on level 6 of the Dungeon)
Missiles
 e - 116 stones {throwing}
 y - 6 boomerangs {throwing}
Armour
 b - a +1 leather armour (worn)
Jewellery
 d - an amulet of magic regeneration (around neck) {@e2}
   (You found it on level 1 of the Dungeon)
 j - a ring of fire
   (You found it on level 2 of the Dungeon)
 l - a +6 ring of intelligence (left hand)
   (You found it on level 3 of the Dungeon)
 m - an amulet of reflection
   (You found it on level 2 of the Dungeon)
 q - a ring of protection from cold
   (You found it on level 6 of the Dungeon)
 z - an amulet of faith {!P}
   (You found it on level 5 of the Dungeon)
Wands
 t - a wand of flame (7)
   (You found it in a sewer)
 v - a wand of digging (8)
   (You found it on level 6 of the Dungeon)
Scrolls
 c - 3 scrolls of immolation {!r!r}
 f - a scroll of magic mapping {!r}
 p - 2 scrolls of teleportation {@r4}
 r - 3 scrolls of enchant weapon
 w - a scroll of vulnerability {!r!r}
 B - 2 scrolls of identify {@r1}
Potions
 g - a potion of attraction {!q}
 k - a potion of magic
 n - 2 potions of flight
 o - 2 potions of cancellation
 s - 2 potions of haste {@q3}

Dungeon Overview and Level Annotations

Branches:
Dungeon (7/15)             Temple (0/1) D:4           Sewer (visited)

Altars:
Fedhas
Gozag

Shops:
D:5 [

Annotations:
D:7 Joseph

+............#
#...........##
#...........#
#...).[.....#
###.#.###...#
#.#.# #...#
....# #...#
.#.#####...##
..#.....@.$..##
..
########....##
... ##....#
##...# ##@.#
#ยง.#
#........#
#.......@#
#........#


You could see Joseph.


Message History

Press: ? - help, Q - select action, (/) - cycle Shift-Dir - straight line You shoot an arrow. ๐Ÿ˜จ HP[+1] Shoot: a) +2 shortbow {bow}
Press: ? - help, Q - select action, (/) - cycle Shift-Dir - straight line You shoot an arrow. ๐Ÿ˜จ MP[+1]
Okay, then.
You don't have any unidentified items.
Key pressed, stopping explore.
Key pressed, stopping explore.
Key pressed, stopping explore.
Joseph, a Mercenary comes into view.
He is wielding a +0 quarterstaff.
Joseph shouts!
Joseph unwields a +0 quarterstaff.
Joseph wields a +2 vorpal hunting sling.
Joseph shoots a sling bullet.
The sling bullet hits you!
You see here 16 gold pieces. ๐Ÿ˜• HP[+21] MP[-1]
You regained 21 hp, and now have 45/56 hp.
You lost 1 mp, and now have 6/8 mp.
Shoot: a) +2 shortbow {bow}
Press: ? - help, Q - select action, (/) - cycle Shift-Dir - straight line, f - Joseph
Aim: Joseph, wielding a +2 vorpal hunting sling and wearing a +0 leather armour (67% to hit)
You shoot an arrow. The arrow barely misses Joseph.
Joseph shoots a sling bullet.
The sling bullet hits you!!
* * * LOW HITPOINT WARNING * * *
Your body deteriorates!
You feel weakened.
* * * LOW HITPOINT WARNING * * *
๐Ÿ˜จ HP[-18] MP[-3]
You take 18 damage, and now have 27/56 hp.
MASSIVE DAMAGE!! (PAUSE)
You lost 3 mp, and now have 3/8 mp.
Shoot: a) +2 shortbow {bow}
Press: ? - help, Q - select action, (/) - cycle Shift-Dir - straight line, f/p - Joseph
Aim: Joseph, wielding a +2 vorpal hunting sling and wearing a +0 leather armour (67% to hit)
You shoot an arrow. The arrow hits Joseph!
Joseph shoots a sling bullet.
The sling bullet closely misses you. ๐Ÿ˜จ MP[+1] Shoot: a) +2 shortbow {bow}
Press: ? - help, Q - select action, (/) - cycle Shift-Dir - straight line, f/p - Joseph
Aim: Joseph, wielding a +2 vorpal hunting sling and wearing a +0 leather armour (lightly wounded, 67% to hit)
You shoot an arrow. The arrow hits Joseph!
Joseph shoots a sling bullet.
The sling bullet hits you!!
* * * LOW HITPOINT WARNING * * *
Your body deteriorates!
You feel clumsy.
* * * LOW HITPOINT WARNING * * *
๐Ÿ˜ฑ HP[-18] MP[-3]
You take 18 damage, and now have 9/56 hp.
MASSIVE DAMAGE!! (PAUSE)
You lost 3 mp, and now have 1/8 mp. [a] - 483 gold - heal wounds, curing, berserk rage and magic [b] - 736 gold - haste, resistance, invisibility and might [c] - 340 gold - lignification, might and resistance Purchase which effect?
You no longer have enough gold to petition Gozag for potion effects.
You feel much better.
You feel better.
A red film seems to cover your vision as you go berserk!
You feel yourself moving faster!
You feel mighty! Magic courses through your body.
Joseph shoots a sling bullet.
The sling bullet misses you. ๐Ÿ˜ฎ HP[+52] MP[+7]
You now have 84 max hp (+28).
You regained 52 hp, and now have 61/84 hp.
Your mp is fully restored (8).
Unknown command.
x - a +0 triple sword (weapon)
{longrare=g} You feel a strong urge to attack something.
Joseph shoots a sling bullet.
The sling bullet hits you!
Your body deteriorates!
You feel dopey. ๐Ÿ˜ฎ HP[-11] MP[-2]
You take 11 damage, and now have 50/84 hp.
You lost 2 mp, and now have 6/8 mp.
You feel your anger nearly subside.
Joseph shoots a sling bullet.
The sling bullet barely misses you.
You are no longer berserk.
You are exhausted.
You feel yourself slow down. ๐Ÿ˜ฎ HP[-16] MP[+1]
You now have 56 max hp (-28).
Unknown command.
Joseph shoots a sling bullet.
The sling bullet hits you.
Joseph shoots a sling bullet.
The sling bullet hits you!!
* * * LOW HITPOINT WARNING * * *
x2 ๐Ÿ˜ฑ HP[-23] MP[-5]
You take 23 damage, and now have 11/56 hp.
MASSIVE DAMAGE!! (PAUSE)
You lost 5 mp, and now have 2/8 mp.
Joseph shoots a sling bullet.
The sling bullet misses you. ๐Ÿ˜ฑ MP[+1] Really read
u - a scroll of blinking {!r}?
Blink to where?
Press: ? - help, Dir - move target, p - Joseph
As you read the scroll of blinking {!r}, it crumbles to dust. ๐Ÿ˜ฑ HP[+1] MP[+1]
As you read the scroll of teleportation {@r4}, it crumbles to dust.
You feel strangely unstable.
Joseph shoots a sling bullet.
The sling bullet hits you!!
You die...
Your body crumbles into a pile of gold.

Skill      XL: |  1  2  3  4  5  6  7  8 |
---------------+-------------------------+-----
Bows           | 4 5 6 7 8 |  8.0
Conjurations   | 1 3 |  3.9
Translocations | 2 4 5 |  5.0
Fighting       | |  2.0
Dodging        | |  1.7
Stealth        | |  0.8

Action                   |  1- 3 |  4- 6 |  7- 9 || total
-------------------------+-------+-------+-------++-------
Melee: Dagger            |       |     4 |    10 ||    14
 Fire: Shortbow          |   115 |   153 |   179 ||   447
Invok: Potion Petition   |       |     1 |     1 ||     2
  Use: Scroll            |     5 |     5 |     3 ||    13
       Potion            |       |     2 |     8 ||    10
Armor: Leather armour    |    14 |    12 |    28 ||    54
Dodge: Dodged            |    19 |    46 |    56 ||   121

Levels and vault maps discovered:
D:1:      dpeg_arrival_connections, layout_loops_ring
D:2:      layout_loops_ring, basic_altar, hellmonk_ecumenical_altar_blasted
D:3:      layout_loops_corners
D:4:      layout_gridville, minmay_temple_entry_drinking_statues,
          roderic_batcave
D:5:      layout_rooms, serial_shops, nicolae_take_the_stairs
D:6:      layout_basic, gup_sewer_entry_bubbles
D:7:      minmay_the_grid_octo_tiled_squarecenter
          [minmay_the_grid_octo_tetromino_candy, minmay_the_grid_octo_checkered,
          minmay_the_grid_octo_fan_narrow, minmay_the_grid_octo_fat_diamond,
          minmay_the_grid_square_5x5_megaprize_open,
          minmay_the_grid_square_5x5_fat_x,
          minmay_the_grid_square_5x5_beaten_path,
          minmay_the_grid_square_5x5_eight_small,
          minmay_the_grid_square_5x5_shuriken], layout_basic,
          grunt_temple_overflow_open, yredelemnul_forgotten_temple_becter,
          nicolae_zen_rock_garden, uniq_joseph

Notes
Turn   | Place    | Note
-------+----------+-------------------------------------------
     0 | D:1      | spaghetti the Demonspawn Hunter began the quest for the
                  | Orb.
     0 | D:1      | Reached XP level 1. HP: 16/16 MP: 1/1
     0 | D:1      | magus.rc [v1.9.6]
   166 | D:1      | Reached skill level 4 in Bows
   166 | D:1      | Gained mutation: You regenerate magic rapidly. [demonic
                  | ancestry]
   166 | D:1      | Reached XP level 2. HP: 22/22 MP: 2/2
   565 | D:1      | Reached XP level 3. HP: 27/27 MP: 3/3
   971 | D:2      | You pick up a book of Geomancy and begin reading...
   971 | D:2      | You add the spells Sandblast, Passwall and Stone Arrow to
                  | your library.
   988 | D:2      | Found a blossoming altar of Fedhas.
  1099 | D:2      | Found a faded altar of an unknown god.
  1112 | D:2      | Prayed at the altar of an unknown god.
  1112 | D:2      | Became a worshipper of Gozag Ym Sagoz the Greedy
  1942 | D:3      | Reached skill level 5 in Bows
  2136 | D:3      | Reached XP level 4. HP: 33/33 MP: 4/4
  2550 | D:4      | Noticed a phantom
  2556 | D:4      | Killed a phantom
  2557 | D:4      | Gained mutation: Spells you cast may paralyse adjacent
                  | enemies. [demonic ancestry]
  2557 | D:4      | Reached XP level 5. HP: 37/38 MP: 5/5
  2597 | D:4      | Found a staircase to the Ecumenical Temple.
  2695 | D:4      | Reached skill level 6 in Bows
  3210 | D:4      | You pick up a book of Spectacle and begin reading...
  3210 | D:4      | You add the spells Dazzling Flash, Iskenderun's Mystic
                  | Blast and Starburst to your library.
  3296 | D:5      | Entered Level 5 of the Dungeon
  3314 | D:5      | Reached XP level 6. HP: 30/44 MP: 6/6
  3320 | D:5      | Reached skill level 7 in Bows
  3329 | D:4      | Learned a level 4 spell: Iskenderun's Mystic Blast
  3615 | D:4      | Reached skill level 1 in Conjurations
  3615 | D:4      | Reached skill level 1 in Translocations
  3764 | D:5      | Found Caoburcho's Armour Shop.
  3959 | D:5      | x - a +0 triple sword {longrare=g}
  3994 | D:5      | Noticed an ice beast
  4008 | D:5      | HP: 2/44 [ice beast (12)]
  4010 | D:5      | Killed an ice beast
  4011 | D:5      | Reached skill level 2 in Translocations
  4011 | D:5      | Gained mutation: When hurt, damage is shared between your
                  | health and your magic reserves. [demonic ancestry]
  4011 | D:5      | Reached XP level 7. HP: 50/50 MP: 7/7
  4098 | D:5      | Gained mutation: Your body sometimes deteriorates upon
                  | taking damage. [potion of mutation]
  4098 | D:5      | Gained mutation: You possess an exceptional clarity of
                  | mind. [potion of mutation]
  4161 | D:5      | You pick up a book of Touch and begin reading...
  4161 | D:5      | You add the spells Static Discharge, Sticky Flame and
                  | Dispel Undead to your library.
  4545 | D:6      | Found a glowing drain.
  4557 | Sewer    | Entered a sewer
  4596 | Sewer    | Noticed Pargi
  4610 | Sewer    | Killed Pargi
  4611 | Sewer    | Reached skill level 2 in Conjurations
  4813 | Sewer    | Reached skill level 3 in Translocations
  5436 | D:6      | Reached skill level 3 in Conjurations
  5436 | D:6      | Reached skill level 4 in Translocations
  5436 | D:6      | Reached XP level 8. HP: 22/56 MP: 8/8
  5641 | D:6      | Identified the -6 pair of boots "Apreohas" {rC+}
  6007 | D:5      | HP: 14/56 [poisoned by a scorpion]
  6012 | D:5      | HP: 9/56 [poisoned by a scorpion]
  6423 | D:7      | Reached skill level 8 in Bows
  6475 | D:7      | Reached skill level 5 in Translocations
  6653 | D:7      | Noticed Joseph
  6656 | D:7      | HP: 10/56 [Joseph/sling bullet (17)]
  6658 | D:7      | x - a +0 triple sword (weapon) {longrare=g}
  6662 | D:7      | HP: 14/56 [Joseph/sling bullet (15)]
  6666 | D:7      | Shot with a sling bullet by Joseph

Vanquished Creatures
  A water moccasin (D:7)
  Pargi (Sewer)
  A sky beast (D:7)
  2 ice beasts
  2 black bears
  An ogre (D:6)
  A phantom (D:4)
  2 scorpions
  A howler monkey (D:4)
  3 hounds
  2 gnoll shamans (D:6)
  A jelly (D:5)
  An iguana (D:6)
  9 gnolls (D:6)
  3 adders
  A river rat (D:6)
  A white imp (D:6)
  2 worms
  3 dart slugs
  25 orcs
  16 bats
  5 endoplasms
  6 giant cockroaches
  5 goblins
  3 hobgoblins
  9 kobolds
  7 quokkas
  6 ball pythons
  4 frilled lizards
  7 rats
131 creatures vanquished.

Table legend:
 A = Non-vault XP
 B = Vault XP
 C = Vault XP percentage of total XP
 D = Non-vault monster count
 E = Vault monster count
 F = Vault count percentage of total count
                 A         B        C        D         E       F
            +---------+---------+-------+---------+---------+-------
      Total |    1872 |     188 |   9.1 |     111 |      20 |  15.3
            +---------+---------+-------+---------+---------+-------
        D:1 |      44 |       0 |   0.0 |      24 |       0 |   0.0
        D:2 |      20 |       0 |   0.0 |      10 |       0 |   0.0
        D:3 |      37 |       0 |   0.0 |      14 |       0 |   0.0
        D:4 |     363 |       7 |   1.9 |      17 |       5 |  22.7
        D:5 |     415 |       0 |   0.0 |      25 |       0 |   0.0
        D:6 |     716 |      36 |   4.8 |      18 |       8 |  30.8
        D:7 |     277 |       0 |   0.0 |       3 |       0 |   0.0
      Sewer |       0 |     145 | 100.0 |       0 |       7 | 100.0
            +---------+---------+-------+---------+---------+-------

Illustrated notes

Table legend:
 A = Kills in this place as a percentage of kills in entire the game.
 B = Kills by you in this place as a percentage of kills by you in the entire game.
 C = Kills by friends in this place as a percentage of kills by friends in the entire game.
 D = Other kills in this place as a percentage of other kills in the entire game.
 E = Experience gained in this place as a percentage of experience gained in the entire game.
 F = Experience gained in this place divided by the number of levels of this place that you have seen.
                   A       B       C       D       E      F
               +-------+-------+-------+-------+-------+----------------------
         Total | 100.0 | 100.0 |   N/A |   N/A | 100.0 | 257.5
       Dungeon |  94.7 |  94.7 |   N/A |   N/A |  93.0 | 273.6
         Sewer |   5.3 |   5.3 |   N/A |   N/A |   7.0 | 145.0
               +-------+-------+-------+-------+-------+----------------------

Table legend: (Time is in decaauts)
 A = Elapsed time spent in this place.
 B = Non-inter-level travel time spent in this place.
 C = Inter-level travel time spent in this place.
 D = Time resting spent in this place.
 E = Time spent auto-exploring this place.
 F = Levels seen in this place.
 G = Mean time per level.
                   A        B        C        D        E       F      G
               +--------+--------+--------+--------+--------+-----+--------+
         Total |   6785 |   6556 |    229 |    679 |   4900 |   8 |  848.1 |
       Dungeon |   6434 |   6205 |    229 |    679 |   4613 |   7 |  919.1 |
         Sewer |    350 |    350 |      0 |      0 |    287 |   1 |  350.0 |
               +--------+--------+--------+--------+--------+-----+--------+

Top non-repeatable levels by time:
     D:6: 1549 daAuts
     D:5: 1092 daAuts
     D:4: 1034 daAuts
     D:1: 921 daAuts
     D:3: 893 daAuts
     D:2: 682 daAuts
   Sewer: 350 daAuts
     D:7: 260 daAuts
